 Dungeon Crawl Stone Soup version 0.29.1-12-g30fa7ad0bf (webtiles) character file.

Game seed: 11117679372144689419

38 cheesebisquit the Chopper (level 3, 0/33 HPs)
             Began as a Minotaur Berserker on Dec 28, 2022.
             Was a Follower of Trog.
             Slain by a gnoll
             ... wielding a +0 spear
              (2 damage)
             ... on level 2 of the Dungeon.
             The game lasted 00:02:55 (913 turns).

cheesebisquit the Chopper (Minotaur Berserker)       Turns: 913, Time: 00:02:56

Health: 0/33       AC:  2    Str: 23    XL:     3   Next: 25%
Magic:  2/2        EV: 12    Int:  4    God:    Trog [*.....]
Gold:   42         SH:  0    Dex:  9    Spells: 2/2 levels left

rFire   . . .      SeeInvis .   a - +0 hand axe
rCold   . . .      Faith    .   (no shield)
rNeg    . . .      Spirit   .   b - +0 animal skin
rPois   .          Reflect  .   (helmet restricted)
rElec   .          Harm     .   (no cloak)
rCorr   .          Rampage  .   (no gloves)
Will    .....                   (no boots)
Stlth   +.........              (no amulet)
HPRegen 0.11/turn               (no ring)
MPRegen 0.08/turn               (no ring)

@: no status effects
A: horns 2, retaliatory headbutt
a: Renounce Religion, Berserk


You were on level 2 of the Dungeon.
You worshipped Trog.
Trog was aware of your devotion.
You visited 1 branch of the dungeon, and saw 2 of its levels.

You collected 42 gold pieces.

Inventory:

Hand Weapons
 a - a +0 hand axe (weapon)
Armour
 b - a +0 animal skin (worn)
Scrolls
 d - a scroll of fear {unknown}
 e - a scroll of identify {unknown}
 g - a scroll of noise {unknown}
 h - a scroll of enchant armour {unknown}
Potions
 c - a potion of attraction {unknown}
 f - a potion of mutation {unknown}


   Skills:
 + Level 4.1 Fighting
 + Level 4.1 Axes
 + Level 3.1 Armour
 + Level 2.7 Dodging


You had 2 spell levels left.
You didn't know any spells.
Your spell library was empty.

Dungeon Overview and Level Annotations

Branches:
Dungeon (2/15)

Altars:


Innate Abilities, Weirdness & Mutations

You have a pair of horns on your head.
You reflexively headbutt those who attack you in melee.


Message History

You have reached level 3!
Your experience leads to an increase in your attributes!
Increase (S)trength, (I)ntelligence, or (D)exterity?
You feel stronger. x2
A worm comes into view.
The gnoll barely misses you. The gnoll closely misses you.
You slash the gnoll!
The gnoll is severely wounded.
The gnoll barely misses you. The gnoll hits you with a +0 halberd!
You hit the gnoll.
You kill the gnoll!
Trog accepts your kill.
The gnoll hits you from afar with a +0 spear.
The gnoll barely misses you.
You hit the gnoll but do no damage. The gnoll closely misses you.
You hit the gnoll.
The gnoll is lightly wounded.
You hit the worm. The gnoll hits you with a +0 spear.
You completely miss the gnoll. You headbutt the gnoll!
The gnoll is almost dead.
You hit the worm. The gnoll hits you with a +0 spear. The worm misses you.
You closely miss the gnoll.
The gnoll is almost dead.
You hit the worm but do no damage. The gnoll hits you with a +0 spear!
* * * LOW HITPOINT WARNING * * *
You closely miss the gnoll.
The gnoll is almost dead.
You barely miss the worm. The gnoll misses you. The worm barely misses you.
You hit the gnoll.
The gnoll is almost dead.
You hit the worm but do no damage. The gnoll hits you with a +0 spear.
* * * LOW HITPOINT WARNING * * *
The worm closely misses you. The gnoll hits you with a +0 spear.
* * * LOW HITPOINT WARNING * * *
Okay, then.
Okay, then.
The gnoll misses you. The gnoll attacks as you move away!
The gnoll closely misses you.
The gnoll hits you from afar with a +0 spear.
You die...

###.## #....#
#.#..#
#....####
#.......#
#.#.....!.#
#..>.w)...#
#.#######g....#
#......@.)!..!#
#..........<###
#....########
..## #


You could see a gnoll.

Vanquished Creatures
  2 gnolls (D:2)
  2 endoplasms (D:1)
  2 jackals (D:1)
  A quokka (D:1)
  2 ball pythons (D:1)
  5 bats
  4 frilled lizards (D:1)
  2 kobolds (D:1)
20 creatures vanquished.

Notes
Turn   | Place    | Note
-------+----------+-------------------------------------------
     0 | D:1      | cheesebisquit the Minotaur Berserker began the quest for
                  | the Orb.
     0 | D:1      | Reached XP level 1. HP: 19/19 MP: 0/0
   244 | D:1      | Reached XP level 2. HP: 22/27 MP: 1/1
   338 | D:1      | Found a faded altar of an unknown god.
   901 | D:2      | Reached XP level 3. HP: 29/33 MP: 2/2
   913 | D:2      | Slain by a gnoll

Illustrated notes

Levels and vault maps discovered:
D:1:      ncdulo_lavacross, layout_basic, hellmonk_ecumenical_altar_arch_garden
D:2:      layout_basic, minmay_quantized

Skill      XL: |  1  2 |
---------------+-------+-----
Fighting       | 4 |  4.1
Axes           | 4 |  4.1
Armour         | 3 |  3.1
Dodging        | |  2.7

Action                   || total
-------------------------++-------
Melee: Hand axe          ||    40
       Headbutt          ||     6
Armor: Animal skin       ||    10
Dodge: Dodged            ||    45
